Map: Newkirk Precinct TE (Void)

Players

Fropez

  • Race: Protoss Protoss
  • League: Gold
  • Spawn Location: 7:00

Corvoan - Winner!

  • Race: Zerg Zerg
  • Spawn Location: 5:00

VOD

Have the link to the VOD?

Description

Time

  • Played on: Jan. 10, 2017, 10:23 a.m.
  • Length: 5:41
Show
View Real Time Build Order
Export as new Build Order

Fropez Protoss 

Build Orders:  

Get SALT Encoding   

  12  0:01  Probe (Chrono Boost)  
  13  0:11  Probe (Chrono Boost)  
  14  0:19  Pylon  
  14  0:30  Probe (Chrono Boost)  
  15  0:38  Forge  
  15  0:40  Probe (Chrono Boost)  
  16  0:51  Probe (Chrono Boost)  
  16  0:57  Assimilator  
  17  1:12  Probe (Chrono Boost)  
  18  1:20  Pylon  
  18  1:31  Pylon  
  18  1:38  Probe (Chrono Boost)  
  19  1:50  Pylon  
  19  1:53  Nexus  
  19  1:59  Photon Cannon  
  19  2:06  Photon Cannon  
  19  2:10  Pylon  
  19  2:25  Probe (Chrono Boost)  
  20  2:35  Photon Cannon  
  20  2:39  Photon Cannon  
  20  2:41  Photon Cannon  
  20  2:47  Photon Cannon  
  20  2:51  Photon Cannon  
  20  3:10  Gateway  
  20  3:11  Probe (Chrono Boost)  
  20  3:12  Gateway  
  21  3:36  Pylon  
  21  3:39  Pylon  
  21  3:50  Gateway  
  21  3:57  Photon Cannon  
  21  4:00  Probe x2 (Chrono Boost)  
  23  4:04  Zealot  
  25  4:15  Cybernetics Core  
  25  4:25  Probe x2 (Chrono Boost), Assimilator  
  27  4:31  Assimilator  
  27  4:35  Probe (Chrono Boost)  
  26  4:48  Zealot  
  27  4:54  Photon Cannon  
  27  4:58  Pylon  
  22  5:10  Photon Cannon  
  14  5:24  Probe (Chrono Boost)  
  14  5:25  Probe (Chrono Boost)  
Show
View Real Time Build Order
Export as new Build Order

Corvoan Zerg - Winner!

Build Orders: Hatch First 

Get SALT Encoding   

  12  0:01  Drone  
  13  0:12  Drone  
  14  0:18  Overlord  
  14  0:36  Drone x2  
  16  0:46  Drone  
  17  0:59  Hatchery  
  17  1:03  Drone  
  17  1:08  Extractor  
  16  1:16  Spawning Pool  
  15  1:18  Drone  
  15  1:22  Drone  
  17  1:33  Drone x2  
  19  1:42  Drone  
  20  1:59  Drone  
  21  2:13  Drone x2  
  21  2:14  Drone  
  24  2:23  Drone  
  24  2:26  Zergling x2  
  20  2:48  Zergling x4  
  20  2:49  Zergling x4  
  21  2:55  Zergling x2  
  20  3:06  Queen  
  22  3:19  Drone x3  
  25  3:24  Drone  
  26  3:33  Overlord  
  25  3:50  Metabolic Boost  
  25  3:56  Drone  
  25  3:57  Drone x3  
  29  4:12  Drone  
  29  4:13  Drone x2  
  29  4:14  Drone  
  33  4:28  Zergling x4, Drone  
  34  4:52  Zergling x2  
  35  5:04  Overlord x2  
  35  5:20  Overlord x2  
Tags
 
League
Gold
Matchup
PvZ
Replay Pack
All Mines
Spawn Locations
Close Positions
Add a new tag
Caveats
  • Supply blocks, unpowered buildings, or Contaminate may cause inaccurate times.
  • Supply counts are checked every 10 seconds.